 Dungeon Crawl Stone Soup version 0.31-a0-876-gfe8ebadbca (webtiles) character file.

Game seed: 16594138031543775495

2 kae the Vexing (level 1, 0/13 HPs)
             Began as a Demonspawn Enchanter on Oct 13, 2023.
             Slain by a giant cockroach (2 damage)
             ... on level 1 of the Dungeon.
             The game lasted 00:00:07 (111 turns).

kae the Vexing (Demonspawn Enchanter)                Turns: 111, Time: 00:00:07

Health: 0/13       AC:  2    Str:  8    XL:     1   Next: 25%
Magic:  3/3        EV: 12    Int: 16    God:
Gold:   10         SH:  0    Dex: 13    Spells: 4/4 levels left

rFire   . . .        a - +1 dagger
rCold   . . .        (no shield)
rNeg    . . .        b - +0 robe
rPois   .            (no helmet)
rElec   .            (no cloak)
rCorr   .            (no gloves)
SInv    .            (no boots)
Will    .....        (no amulet)
Stlth   ++           (no ring)
HPRegen 0.22/turn    (no ring)
MPRegen 0.08/turn

%: no passive effects
@: no status effects
A: no striking features
a: no special abilities


You were on level 1 of the Dungeon.
You visited 1 branch of the dungeon, and saw 1 of its levels.

You collected 10 gold pieces.


   Skills:
 + Level 0.0 Fighting
 * Level 1.0 Short Blades
 - Level 1.7 Dodging
 + Level 2.7 Stealth
 + Level 2.0 Spellcasting
 * Level 3.0 Hexes


You had 4 spell levels left.
You didn't know any spells.
Your spell library contained the following spells:

 Spells                   Type           Power      Damage    Failure   Level
 Ensorcelled Hibernation  Hex/Ice        12%        N/A       17%         2
 Confusing Touch          Hex            11%        N/A       19%         3
 Tukima's Dance           Hex            11%        N/A       19%         3
 Shock                    Conj/Air       4%         1d3       21%         1
 Dazzling Flash           Conj/Hex       12%        N/A       32%         3
 Summon Forest            Summ/Tloc      0%         N/A       99%         5
 Summon Hydra             Summ           0%         N/A       100%        7

Inventory:

Hand Weapons
 a - a +1 dagger (weapon)
Missiles
 d - 4 stones
Armour
 b - a +0 robe (worn)
Potions
 c - 2 potions of invisibility

Dungeon Overview and Level Annotations

Branches:
Dungeon (1/15) Zot: 5881

Altars:

#.#.# #+##≈≈~~~. #.#.#
#...#≈≈≈≈~~ #. #...#
#....#≈≈≈≈≈~ . ##.#.#
#.....#≈≈≈≈~~
#.##....###......#≈≈≈≈~≈
.................#≈≈≈~~≈
#......J.........#≈≈~~~~
#.#.#.#B##.#.....#≈≈≈~~≈
#.#.#.#@##.# ...#≈≈≈~≈≈
#.#.#.#.##.# .#≈≈~~≈≈
#.......##.# #+##≈≈~~≈≈
#...#.####.# #.##≈~~~~≈
####...#.# #.# #.##......
#........####.# ##.##.8.⌠⌠⌠
#.###.........###...#......
#.# #..)...#####....###'###
#.# #......# ###...##..##.


You could see an endoplasm and a giant cockroach.


Message History

Options error: Missing colour in message_colour setting: 'before it is too late' ✅ Successfully initialized magus.rc [v1.11.3] Welcome, kae the Demonspawn Enchanter.
It is said that the Orb of Zot exists deep within this dungeon.
Press ? for a list of commands and other information.
Found a staircase leading out of the dungeon.
You enter the shallow water.
Moving in this stuff is going to be slow.
Found an escape hatch in the floor.
You pick up a blackened book and begin reading...
It was Icranut's Handbook of Pneumatic Production.
You add the spells Shock, Summon Forest and Summon Hydra to your library.
You open the door.
There is an open door here.
You now have 10 gold pieces.
You see here a +0 leather armour.
d - 4 stones A goblin comes into view. It is wielding a +0 dagger.
A goblin is nearby!
A goblin is nearby!
A goblin is nearby!
A goblin is nearby!
The helpless goblin fails to defend itself.
You puncture the goblin!
You kill the goblin!
No target in view!
A rat comes into view.
A rat is nearby!
The helpless rat fails to defend itself.
You puncture the rat!
You kill the rat!
No target in view!
A ball python and an endoplasm come into view.
A giant cockroach comes into view.
The ball python hisses angrily.
The endoplasm quivers.
The ball python bites you. The ball python closely misses you.
There are monsters nearby! 😕 HP[-1]
You take 1 damage, and now have 12/13 hp.
You closely miss the ball python. The ball python bites you.
The ball python closely misses you.
You closely miss the ball python. The ball python bites you.
The ball python completely misses you.
There are monsters nearby! 😕 HP[-1]
You take 1 damage, and now have 11/13 hp.
You closely miss the giant cockroach.
The ball python bites you but does no damage.
The ball python barely misses you. The giant cockroach closely misses you.
You closely miss the giant cockroach. The ball python barely misses you.
The ball python grabs you. The ball python constricts you.
The giant cockroach misses you.
The endoplasm closely misses you. 😕 HP[-1]
You take 1 damage, and now have 10/13 hp.
You escape the ball python's grasp.
The ball python attacks as it pursues you!
The ball python completely misses you. The ball python closely misses you.
The giant cockroach closely misses you. 😕 HP[+1]
The ball python barely misses you. The ball python grabs you.
The ball python constricts you. 😕 HP[-1]
You take 1 damage, and now have 10/13 hp.
You hit the ball python but do no damage.
The ball python bites you.
The ball python constricts you. 😮 HP[-2]
You take 2 damage, and now have 8/13 hp.
You barely miss the ball python. The ball python barely misses you.
The ball python constricts you.
You closely miss the ball python. The ball python bites you.
The ball python constricts you. 😮 HP[-1]
You take 1 damage, and now have 7/13 hp.
You closely miss the ball python. The ball python bites you.
* * * LOW HITPOINT WARNING * * *
The ball python constricts you.
* * * LOW HITPOINT WARNING * * *
You hit the ball python.
You kill the ball python!
Your Short Blades skill increases to level 1!
You closely miss the giant cockroach. The giant cockroach barely misses you.
You barely miss the giant cockroach. The giant cockroach bites you.
* * * LOW HITPOINT WARNING * * *
You hit the giant cockroach but do no damage.
The giant cockroach bites you but does no damage.
You hit the giant cockroach but do no damage.
The giant cockroach bites you.
* * * LOW HITPOINT WARNING * * *
You barely miss the giant cockroach. The giant cockroach barely misses you.
You closely miss the giant cockroach. The giant cockroach barely misses you.
The giant cockroach bites you.
* * * LOW HITPOINT WARNING * * *
You hit the giant cockroach.
The giant cockroach bites you but does no damage.
You hit the giant cockroach but do no damage.
The giant cockroach bites you.
You die...

Skill      XL: |  1 |
---------------+----+-----
Short Blades   | 1 |  1.0
Dodging        | |  1.7
Stealth        | |  2.7
Spellcasting   | |  2.0
Hexes          | |  3.0

Action                     || total
---------------------------++-------
  Melee: Dagger            ||    19
   Stab: Sleeping          ||     2
 Armour: Robe              ||    13
  Dodge: Dodged            ||    16

Levels and vault maps discovered:
D:1:      zaba_arrival_water, layout_loops_corners, kennysheep_small_spiral,
          chequers_jeans, roderic_roman_lattice

Notes
Turn   | Place    | Note
-------+----------+-------------------------------------------
     0 | D:1      | kae the Demonspawn Enchanter began the quest for the Orb.
     0 | D:1      | Reached XP level 1. HP: 13/13 MP: 3/3
     0 | D:1      | magus.rc [v1.11.3]
    16 | D:1      | You add the spells Shock, Summon Forest and Summon Hydra to
                  | your library.
    16 | D:1      | Got a blackened book
   104 | D:1      | Reached skill level 1 in Short Blades
   105 | D:1      | HP: 3/13 [giant cockroach (2)]
   109 | D:1      | HP: 1/13 [giant cockroach (1)]
   111 | D:1      | Slain by a giant cockroach

Vanquished Creatures
  A ball python (D:1)
  A goblin (D:1)
  A rat (D:1)
3 creatures vanquished.

Table legend:
 A = Non-vault XP
 B = Vault XP
 C = Vault XP percentage of total XP
 D = Non-vault monster count
 E = Vault monster count
 F = Vault count percentage of total count
                 A         B        C        D         E       F
            +---------+---------+-------+---------+---------+-------
      Total |       3 |       0 |   0.0 |       3 |       0 |   0.0
            +---------+---------+-------+---------+---------+-------
        D:1 |       3 |       0 |   0.0 |       3 |       0 |   0.0
            +---------+---------+-------+---------+---------+-------

Skill      XL: |  1 |
---------------+----+-----
Short Blades   | 1 |  1.0
Dodging        | |  1.7
Stealth        | |  2.7
Spellcasting   | |  2.0
Hexes          | |  3.0

Action                     || total
---------------------------++-------
  Melee: Dagger            ||    19
   Stab: Sleeping          ||     2
 Armour: Robe              ||    13
  Dodge: Dodged            ||    16

Illustrated notes

Table legend:
 A = Kills in this place as a percentage of kills in the entire game.
 B = Kills by you in this place as a percentage of kills by you in the entire game.
 C = Kills by friends in this place as a percentage of kills by friends in the entire game.
 D = Other kills in this place as a percentage of other kills in the entire game.
 E = Experience gained in this place as a percentage of experience gained in the entire game.
 F = Experience gained in this place divided by the number of levels of this place that you have seen.
                   A       B       C       D       E      F
               +-------+-------+-------+-------+-------+----------------------
         Total | 100.0 | 100.0 |   N/A |   N/A | 100.0 |   3.0
       Dungeon | 100.0 | 100.0 |   N/A |   N/A | 100.0 |   3.0
               +-------+-------+-------+-------+-------+----------------------

Table legend: (Time is in decaauts)
 A = Elapsed time spent in this place.
 B = Non-inter-level travel time spent in this place.
 C = Inter-level travel time spent in this place.
 D = Time resting spent in this place.
 E = Time spent auto-exploring this place.
 F = Levels seen in this place.
 G = Mean time per level.
                   A        B        C        D        E       F      G
               +--------+--------+--------+--------+--------+-----+--------+
         Total |    117 |    117 |      0 |      0 |     83 |   1 |  117.0 |
       Dungeon |    117 |    117 |      0 |      0 |     83 |   1 |  117.0 |
               +--------+--------+--------+--------+--------+-----+--------+

Top non-repeatable levels by time:
     D:1: 117 daAuts
